 Dungeon Crawl Stone Soup version 0.29-a0-350-g7790a0e70a (webtiles) character file.

Game seed: 5455484991313470957

186 erik8world the Conjurer (level 5, -10/38 HPs)
             Began as a Draconian Conjurer on Apr 22, 2022.
             Mangled by a wyvern (13 damage)
             ... on level 4 of the Dungeon.
             The game lasted 00:16:42 (3604 turns).

erik8world the Conjurer (Draconian Conjurer)        Turns: 3604, Time: 00:16:43

Health: -10/38     AC:  5    Str:  9    XL:     5   Next: 38%
Magic:  1/9        EV: 12    Int: 21    God:
Gold:   235        SH:  0    Dex:  9    Spells: 6/10 levels left

rFire   . . .      SeeInvis +   k - staff of cold
rCold   + . .      Faith    .   (no shield)
rNeg    . . .      Spirit   .   (body armour unavailable)
rPois   .          Reflect  .   (helmet restricted)
rElec   .          Harm     .   (no cloak)
rCorr   .          Rampage  .   (no gloves)
Will    +....                   (no boots)
Stlth   ++........              (no amulet)
HPRegen 0.12/turn               d - ring of willpower
MPRegen 0.11/turn               c - ring of see invisible

@: no status effects
A: AC +5, unfitting armour, cold-blooded
a: no special abilities


You were on level 4 of the Dungeon.
You visited 1 branch of the dungeon, and saw 4 of its levels.

You collected 235 gold pieces.

Inventory:

Hand Weapons
 h - the +4 hand axe "Boydgh" {vorpal, rN+ Int-2 Dex+6}
   (You found it on level 2 of the Dungeon)

   It inflicts extra damage upon your enemies.
   Int:       It affects your intelligence (-2).
   Dex:       It affects your dexterity (+6).
   rN:        It protects you from negative energy.
Armour
 s - a +0 robe
Magical Staves
 k - a staff of cold (weapon)
 m - a staff of cold
Jewellery
 c - a ring of see invisible (right hand)
 d - a ring of willpower (left hand)
Scrolls
 f - 2 scrolls of fear {unknown}
 g - 4 scrolls of teleportation {unknown}
 i - 4 scrolls of identify {unknown}
 j - a scroll of torment {unknown}
 p - a scroll of blinking {unknown}
 q - a scroll of enchant weapon {unknown}
 r - a scroll of vulnerability {unknown}
Potions
 a - a potion of magic
 b - 3 potions of curing {unknown}
 e - a potion of berserk rage {unknown}
 l - a potion of invisibility {unknown}
 n - 2 potions of brilliance {unknown}
 o - 2 potions of flight {unknown}
 t - a potion of haste {unknown}


   Skills:
 * Level 2.6 Dodging
 + Level 2.2 Stealth
 + Level 3.2 Spellcasting
 + Level 5.4 Conjurations


You had 6 spell levels left.
You knew the following spells:

 Your Spells              Type           Power      Damage    Failure   Level
a - Magic Dart            Conj           100%       1d8       1%          1
b - Dazzling Flash        Conj/Hex       28%        N/A       13%         3

Your spell library contained the following spells:

 Spells                   Type           Power      Damage    Failure   Level
 Searing Ray              Conj           52%        2d6       1%          2
 Foxfire                  Conj/Fire      56%        2x1d6     4%          1
 Conjure Flame            Conj/Fire      14%        6-21      13%         3
 Inner Flame              Hex/Fire       3%         N/A       36%         3
 Flame Wave               Conj/Fire      14%        2d6       38%         4
 Fulminant Prism          Conj/Hex       7%         3d7       38%         4
 Iskenderun's Mystic Bla  Conj/Tloc      14%        2d5       38%         4


Dungeon Overview and Level Annotations

Branches:
Dungeon (4/15)
 Temple: D:4-7

Altars:
Dithmenos

Shops:
D:2 :


Innate Abilities, Weirdness & Mutations

Your plain brown scales are hard. (AC +5)
You cannot fit into any form of body armour.
You are cold-blooded and may be slowed by cold attacks.


Message History

Unknown command.
The wyvern hisses angrily.
There is an escape hatch in the floor here.
The wyvern hisses menacingly.
Casting: Magic Dart (safe; 1% risk of failure)
Confirm with . or Enter, or press ? or * to list all spells.
The spell is quite dangerous to miscast (13% risk of failure)!
Continue anyway?
Casting: Dazzling Flash (quite dangerous; 13% risk of failure)
Press: ? - help, Dir - look around, f - activate The wyvern bites you!
The wyvern closely misses you. The wyvern attacks as you move away!
The wyvern closely misses you.
You see here 20 stones.
The wyvern attacks as you move away! The wyvern bites you!
The wyvern bites you but does no damage.
The wyvern bites you!
* * * LOW HITPOINT WARNING * * *
Casting: Dazzling Flash (quite dangerous; 13% risk of failure)
Confirm with . or Enter, or press ? or * to list all spells.
You don't have enough magic to cast this spell.
Casting: Dazzling Flash (quite dangerous; 13% risk of failure)
Confirm with . or Enter, or press ? or * to list all spells.
Aiming: Magic Dart (safe; 1% risk of failure)
Press: ? - help, Shift-Dir - straight line, f - wyvern
Aim: a wyvern (100% to hit)
The magic dart hits the wyvern.
The wyvern is lightly wounded.
The wyvern closely misses you.
Unknown command.
Sorry, you're not good enough to have a special ability.
Unknown command.
Casting: Magic Dart (safe; 1% risk of failure)
Confirm with . or Enter, or press ? or * to list all spells.
Aiming: Magic Dart (safe; 1% risk of failure)
Press: ? - help, Shift-Dir - straight line, f/p - wyvern
Aim: a wyvern (lightly wounded, 100% to hit)
The magic dart hits the wyvern.
The wyvern is lightly wounded.
The wyvern bites you!
You die...

######## ###...>..####
.......#....#######
##..#######..(.l@.########
#...# ######.........#####
#.#.# #.............#
..#.# #.............#
.##.# #.............#
###.### #.....<....<..#
#...## #.............#
###..## #.......).....#
##..## ###.........#####


You could see a wyvern.

Vanquished Creatures
  A phantom (D:3)
  5 adders
  A worm (D:2)
  2 dart slugs
  3 orcs (D:4)
  An endoplasm (D:3)
  6 giant cockroaches
  6 goblins
  4 hobgoblins
  3 jackals (D:2)
  7 kobolds
  2 quokkas (D:2)
  2 ball pythons
  3 bats
  2 frilled lizards
  9 rats
57 creatures vanquished.

Vanquished Creatures (others)
  6 plants (D:2)
6 creatures vanquished.

Grand Total: 63 creatures vanquished

Notes
Turn   | Place    | Note
-------+----------+-------------------------------------------
     0 | D:1      | erik8world the Draconian Conjurer began the quest for the
                  | Orb.
     0 | D:1      | Reached XP level 1. HP: 14/14 MP: 3/3
   417 | D:1      | Reached XP level 2. HP: 20/20 MP: 3/5
  1058 | D:2      | Identified the +4 hand axe "Boydgh" {vorpal, rN+ Int-2
                  | Dex+6}
  1429 | D:2      | Reached XP level 3. HP: 26/26 MP: 0/6
  1647 | D:2      | Found Bisawnie's Book Shop.
  1790 | D:2      | Reached skill level 5 in Conjurations
  1790 | D:2      | Reached XP level 4. HP: 33/33 MP: 4/7
  2273 | D:3      | Found a shadowy altar of Dithmenos.
  2482 | D:3      | Found a faded altar of an unknown god.
  2932 | D:3      | Noticed a phantom
  2947 | D:3      | Killed a phantom
  2948 | D:3      | Reached XP level 5. HP: 16/38 MP: 0/9
  3213 | D:3      | Learned a level 3 spell: Dazzling Flash
  3551 | D:4      | Noticed a wyvern
  3604 | D:4      | Mangled by a wyvern

Illustrated notes

Levels and vault maps discovered:
D:1:      saegor_arrival_simple_e, layout_basic, minmay_worlds_worst_comb
D:2:      layout_basic, serial_shops, nicolae_shop_advertising_works
          [nicolae_subvault_shop_adworks], serial_bayou_pond_b
D:3:      layout_loops_ring, nicolae_dithmenos_through_a_glass_darkly,
          ebering_ecumenical_altar_rust, nicolae_elevator_lobby_asterisk
D:4:      layout_rooms, uniq_eustachio

Skill      XL: |  1  2  3  4 |
---------------+-------------+-----
Stealth        | 2 |  2.2
Dodging        | 2 |  2.6
Conjurations   | 5 |  5.4
Spellcasting   | 3 |  3.2

Action                   |  1- 3 |  4- 6 || total
-------------------------+-------+-------++-------
Melee: Unarmed           |     4 |       ||     4
       Tailslap          |     2 |     1 ||     3
       Punch             |     1 |       ||     1
       Staff             |       |     3 ||     3
 Cast: Magic Dart        |    75 |    53 ||   128
       Dazzling Flash    |       |     1 ||     1
Armor: Skin              |     6 |     3 ||     9
Dodge: Dodged            |    14 |     9 ||    23

Table legend: (Time is in decaauts)
 A = Elapsed time spent in this place.
 B = Non-inter-level travel time spent in this place.
 C = Inter-level travel time spent in this place.
 D = Time resting spent in this place.
 E = Time spent auto-exploring this place.
 F = Levels seen in this place.
 G = Mean time per level.
                   A        B        C        D        E       F      G
               +--------+--------+--------+--------+--------+-----+--------+
         Total |   3602 |   3598 |      4 |      0 |   2942 |   4 |  900.5 |
       Dungeon |   3602 |   3598 |      4 |      0 |   2942 |   4 |  900.5 |
               +--------+--------+--------+--------+--------+-----+--------+

Top non-repeatable levels by time:
     D:2: 1262 daAuts
     D:3: 1024 daAuts
     D:1: 926 daAuts
     D:4: 389 daAuts
